 Dungeon Crawl Stone Soup version 0.27.1-33-g824d729ab1 (webtiles) character file.

Game seed: 8077760326928095826

315 Fractals the Skirmisher (level 6, -3/53 HPs)
             Began as a Ghoul Gladiator on Dec 24, 2021.
             Slain by a sky beast (5 damage)
             ... on level 5 of the Dungeon.
             The game lasted 00:10:02 (3709 turns).

Fractals the Skirmisher (Ghoul Gladiator)           Turns: 3709, Time: 00:10:03

Health: -3/53      AC:  8    Str: 19    XL:     6   Next: 43%
Magic:  5/5        EV: 14    Int:  4    God:
Gold:   172        SH:  0    Dex: 10    Spells: 3/5 levels left

rFire    + . .     SeeInvis .     - Unarmed
rCold    + . .     Faith    .   (no shield)
rNeg     + + +     Spirit   .   q - +0 scale mail
rPois    ∞         Reflect  .   g - +0 helmet
rElec    .         Harm     .   (no cloak)
rCorr    .         Rampage  .   (no gloves)
Will     .....                  (no boots)
Stlth    ..........             (no amulet)
HPRegen  0.00/turn              h - ring of protection from fire
MPRegen  0.09/turn              m - +4 ring of evasion

@: inhibited regen
A: claws 1, cold resistance 1, negative energy resistance 3, inhibited
regeneration, torment resistance 2
a: no special abilities


You were on level 5 of the Dungeon.
You visited 1 branch of the dungeon, and saw 5 of its levels.

You collected 172 gold pieces.

Inventory:

Hand Weapons
 n - a +0 hand axe
Missiles
 c - 3 throwing nets
 f - 77 stones
 k - 8 boomerangs
 t - 8 poisoned darts (quivered)
Armour
 g - a +0 helmet (worn)
 q - a +0 scale mail (worn)
Jewellery
 a - a ring of fire
 h - a ring of protection from fire (left claw)
 m - a +4 ring of evasion (right claw)
Wands
 s - a wand of iceblast (6)
Scrolls
 e - a scroll of fear {unknown}
 i - a scroll of fog
 p - a scroll of brand weapon {unknown}
 r - a scroll of teleportation {unknown}
Potions
 b - 3 potions of curing {unknown}
 d - a potion of ambrosia {unknown}
 j - 2 potions of heal wounds {unknown}
 l - a potion of brilliance {unknown}


   Skills:
 + Level 4.5 Fighting
 - Level 2.0 Throwing
 + Level 3.5 Armour
 - Level 3.0 Dodging
 - Level 3.2 Unarmed Combat
 - Level 2.0 Translocations


You had 3 spell levels left.
You knew the following spells:

 Your Spells              Type           Power      Damage    Failure   Level
a - Blink                 Tloc           N/A        N/A       73%         2

Your spell library contained the following spells:

 Spells                   Type           Power      Damage    Failure   Level
 Apportation              Tloc           2%         N/A       58%         1
 Animate Skeleton         Necr           0%         N/A       86%         1
 Corona                   Hex            0%         N/A       86%         1
 Magic Dart               Conj           0%         1d3       86%         1
 Summon Small Mammal      Summ           0%         N/A       86%         1
 Lesser Beckoning         Tloc           0%         N/A       91%         3
 Call Imp                 Summ           0%         N/A       94%         2
 Mephitic Cloud           Conj/Pois/Air  0%         N/A       99%         3
 Manifold Assault         Tloc           1%         N/A       100%        5


Dungeon Overview and Level Annotations

Branches:
Dungeon (5/15)
 Temple: D:4-7

Altars:
Yredelemnul

Annotations:
D:4 1 runed translucent door


Innate Abilities, Weirdness & Mutations

You thrive by killing the living.
You are immune to poison.
You have sharp fingernails.
Your flesh is cold resistant. (rC+)
You are immune to negative energy. (rN+++)
You do not regenerate when monsters are visible.
You are immune to unholy pain and torment.


Message History

The sky beast is heavily wounded.
The sky beast barely misses you.
The rain has left you waist-deep in water!
Splash!
You fall into the shallow water.
Moving in this stuff is going to be slow.
Your unstable footing causes you to fumble your attack.
The sky beast hits you. The sky beast shocks you.
Your unstable footing causes you to fumble your attack.
Your unstable footing causes you to fumble your attack.
The sky beast hits you. The sky beast shocks you.
* * * LOW HITPOINT WARNING * * *
Your unstable footing causes you to fumble your attack.
The sky beast hits you but does no damage.
You closely miss the sky beast.
The sky beast is heavily wounded.
The sky beast hits you but does no damage.
Unknown command.
The sky beast hits you but does no damage.
You scratch the sky beast.
The sky beast is severely wounded.
The sky beast closely misses you.
You scratch the sky beast.
The sky beast is severely wounded.
The sky beast flickers out of sight!
Deactivating autopickup; reactivate with Ctrl-A.
Something hits you.
* * * LOW HITPOINT WARNING * * *
Something shocks you.
* * * LOW HITPOINT WARNING * * *
You scratch something but do no damage. Something hits you but does no damage.
You scratch something but do no damage. Something hits you but does no damage.
Unknown command.
You closely miss something. Something hits you but does no damage.
You barely miss something.
A sky beast appears from thin air!
Reactivating autopickup.
The sky beast hits you.
* * * LOW HITPOINT WARNING * * *
The sky beast shocks you.
You die...

*
*****,,,,#........#g#****,*
* *,,,,#........#.#,,,,,* *
*,,,,#........#g#,***** *
****,#.^......#.#,* ****
*,#....#####.#,* ,,,*
*,#.#........#,* ,,,*
*,#.#.########,* ,,,*
*,#.#≈#.....#*,* ,,,*
*,#.#@Y.<#*,,,,* ****
*,#.#.###.#***** *
***+#.#..,,,* *
*,,,..####*,* *
*,,,,,,,,,*,* *
*,,,,****,*,* * *,,,,*
*,*,* * ***,** *,*,* * *,*
*,*,*


You could see a sky beast.

Vanquished Creatures
  Terence (D:3)
  2 orc wizards (D:3)
  3 adders
  A worm (D:3)
  A dart slug (D:4)
  7 orcs
  13 ball pythons
  4 bats
  8 endoplasms
  4 giant cockroaches
  5 goblins
  10 hobgoblins
  4 jackals (D:1)
  2 quokkas (D:1)
  3 frilled lizards
  3 kobolds
  A kobold skeleton (D:4)
  8 rats
80 creatures vanquished.

Vanquished Creatures (collateral kills)
  Grinder (D:5)
1 creature vanquished.

Grand Total: 81 creatures vanquished

Notes
Turn   | Place    | Note
-------+----------+-------------------------------------------
     0 | D:1      | Fractals the Ghoul Gladiator began the quest for the Orb.
     0 | D:1      | Reached XP level 1. HP: 17/17 MP: 0/0
   263 | D:1      | Reached skill level 3 in Fighting
   263 | D:1      | Reached XP level 2. HP: 26/26 MP: 1/1
   485 | D:1      | Reached skill level 1 in Armour
   548 | D:1      | Reached XP level 3. HP: 31/31 MP: 2/2
   979 | D:1      | Found a faded altar of an unknown god.
  1314 | D:2      | Learned a level 2 spell: Blink
  1357 | D:2      | Reached XP level 4. HP: 38/38 MP: 3/3
  1854 | D:3      | Noticed Terence
  1869 | D:3      | Killed Terence
  1870 | D:3      | Reached skill level 1 in Translocations
  2595 | D:4      | Reached XP level 5. HP: 45/45 MP: 4/4
  3442 | D:4      | Found a runed translucent door.
  3442 | D:4      | Noticed a human
  3447 | D:4      | Found a basalt altar of Yredelemnul.
  3647 | D:5      | Entered Level 5 of the Dungeon
  3663 | D:5      | Noticed Grinder
  3667 | D:5      | Paralysed by Grinder for 7 turns
  3677 | D:5      | Killed Grinder
  3678 | D:5      | Reached skill level 4 in Fighting
  3678 | D:5      | Reached XP level 6. HP: 53/53 MP: 5/5
  3684 | D:5      | Noticed a sky beast
  3709 | D:5      | HP: 2/53 [sky beast (3)]
  3709 | D:5      | Slain by a sky beast

Illustrated notes

Levels and vault maps discovered:
D:1:      dpeg_arrival_lava_altar, layout_basic,
          dilly_ecumenical_altar_fadedgnrine, minmay_split_cup_small
D:2:      layout_basic
D:3:      layout_loops_corners, uniq_terence
D:4:      layout_basic, dk_yredelemnul_ordeal
D:5:      layout_basic, uniq_grinder, uniq_blork_the_orc

Skill      XL: |  1  2  3  4  5 |
---------------+----------------+-----
Fighting       | 3 4 |  4.5
Dodging        | 3 |  3.0
Armour         | 1 2 3 |  3.5
Throwing       | 2 |  2.0
Translocations | 1 2 |  2.0
Unarmed Combat | |  3.2

Action                   |  1- 3 |  4- 6 || total
-------------------------+-------+-------++-------
Melee: Unarmed           |   121 |   145 ||   266
       Punch             |     1 |     3 ||     4
Throw: Stone             |     7 |       ||     7
       Throwing net      |     2 |       ||     2
       Boomerang         |       |     3 ||     3
  Use: Scroll            |       |     3 ||     3
Armor: Leather armour    |    21 |       ||    21
       Ring mail         |    16 |     3 ||    19
       Scale mail        |       |    38 ||    38
Dodge: Dodged            |    55 |    68 ||   123
